Cogmind - Beta 11.1 @@@ ROGUE MODE // 2022.07.26 @ 02:25:02 Player: ktur Result: Destroyed by as-87900 with Assembled Focal Cannon Performance ------------- Evolutions (3) 1500 Regions Visited (10) 2000 Robots Destroyed (71) 355 Value Destroyed (2140) 2140 Prototype IDs (47) 940 Alien Tech Used (0) 0 Bonus (2683) 2683 TOTAL SCORE: 9618 Bonus ------- Follower Combat Kills 139 Aligned with FarCom 300 Met Imprinter 300 Destroyed Z-Imprinter 1000 Triggered Deep Caves Wall 500 Exposed GOLEM Chamber 500 Friendly Fire -56 Cogmind --------- Core Integrity 0/700 Matter 94/300 Energy 76/100 System Corruption 0% Temperature Cool (6) Movement Core (100) Ox1 Location -7/Deep Caves Parts ------- > --- POWER (2) -------- (None) > --- PROPULSION (2) --- (None) > --- UTILITY (7) ------ (None) > --- WEAPON (2) ------- Heavy EM Shotgun > --- INVENTORY (5) ---- Improved Cooling System Faulty Spectral Analyzer Experimental Hacking Suite Peak State ------------ > --- POWER ------------ Heavy Ion Engine Heavy Deuterium Engine > --- PROPULSION ------- Light Treads Light Treads > --- UTILITY ---------- Experimental Heat Sink Improved Cooling System High-capacity Storage Unit Zionite Biocell Zionite Light Carapace Reactive Plating Reactive Plating > --- WEAPON ----------- Advanced Beam Rifle Heavy Mace > --- INVENTORY -------- Heavy Deuterium Engine Light Treads Armored Treads Improved Cooling System Superbattery High-capacity Matter Pod Spectral Analyzer Experimental Terrain Scan Processor Experimental Targeting Computer Experimental Target Analyzer Experimental Core Analyzer Improved Armor Integrity Analyzer Experimental Hacking Suite Heavy EM Shotgun Advanced Beam Rifle Light EM Pulse Cannon Gauss Rifle Grenade Launcher Rocket Launcher CR-A16's Pointy Stick [Rating: 57] Favorites ----------- Power Heavy Ion Engine Engine Heavy Ion Engine Propulsion Light Treads Treads Light Treads Flight Unit Improved VTOL Module Utility High-capacity Storage Unit Device Shield Generator Storage High-capacity Storage Unit Processor Targeting Computer Hackware Hacking Suite Protection Reactive Plating Weapon Gauss Rifle Energy Gun Advanced Beam Rifle Energy Cannon Light EM Pulse Cannon Ballistic Gun Gauss Rifle Launcher Rocket Launcher Impact Weapon Heavy Mace Special Melee Weapon Datajack Build | -11 -10 -10 -10 -9 -8 -7 -7 -7 -7 -7 ------- Run | Scr Mat Min Exi Min Mat Fac Low Low Zio Dee Slots Evolved 6 | . . . . . 4 2 . . . . Power 1 | . . . . . . 1 . . . . Propulsion . | . . . . . . . . . . . Utility 5 | . . . . . 4 1 . . . . Weapon . | . . . . . . . . . . . Parts Attached 92 | 6 9 6 7 3 17 15 2 2 5 20 Power 8 | 1 2 1 . 1 1 2 . . . . Engine 8 | 1 2 1 . 1 1 2 . . . . Core . | . . . . . . . . . . . Reactor . | . . . . . . . . . . . Propulsion 17 | 2 1 2 . . 5 2 1 1 1 2 Treads 16 | 2 1 2 . . 4 2 1 1 1 2 Leg . | . . . . . . . . . . . Wheel . | . . . . . . . . . . . Hover . | . . . . . . . . . . . Flight 1 | . . . . . 1 . . . . . Utility 35 | 1 3 . 4 . 9 6 1 1 1 9 Device 11 | . 1 . 1 . 3 2 . . . 4 Storage 7 | 1 2 . 3 . . . . . . 1 Processor 2 | . . . . . 2 . . . . . Hackware 1 | . . . . . . 1 . . . . Protection 14 | . . . . . 4 3 1 1 1 4 Artifact . | . . . . . . . . . . . Weapon 32 | 2 3 3 3 2 2 5 . . 3 9 Energy Gun 10 | 1 1 . 1 1 1 2 . . . 3 Energy Cannon 2 | . . . . . . 1 . . . 1 Ballistic Gun 13 | 1 2 2 1 1 1 2 . . 2 1 Ballistic Cannon . | . . . . . . . . . . . Launcher 4 | . . 1 . . . . . . . 3 Special Weapon . | . . . . . . . . . . . Impact Weapon 2 | . . . . . . . . . 1 1 Slashing Weapon . | . . . . . . . . . . . Piercing Weapon . | . . . . . . . . . . . Special Melee Weapon 1 | . . . 1 . . . . . . . Unidentified Prototypes 8 | . . . . . 3 1 . . . 4 Parts Lost 20 | . 2 3 . . . 1 . . . 14 Power 4 | . 1 1 . . . . . . . 2 Propulsion 6 | . . 2 . . . . . . . 4 Utility 7 | . . . . . . 1 . . . 6 Weapon 3 | . 1 . . . . . . . . 2 Highest Loss Streak 11 | . 1 3 . . . 1 . . . 11 To Critical Strikes . | . . . . . . . . . . . Average Slot Usage (%) 92 | . 91 99 76 100 99 96 100 92 91 92 Engine 13 | . 13 13 14 14 9 13 15 15 15 14 Treads 19 | . 28 28 28 28 18 15 15 15 15 14 Device 14 | . 6 14 13 14 17 16 15 15 15 18 Storage 9 | . 14 14 14 14 9 7 7 7 7 6 Processor 3 | . . . . . 17 10 7 7 . . Protection 12 | . . . . . 9 16 23 15 22 21 Energy Gun 8 | . 14 14 . 14 9 6 7 7 7 6 Ballistic Gun 7 | . 13 14 . 14 8 6 7 7 6 3 Naked Turns 8 | . . . . . . . . . . 8 Heaviest Build 104 | 11 51 51 51 58 70 86 89 94 104 104 Greatest Support 40 | 40 40 40 40 40 40 40 40 40 40 40 Greatest Overweight (x) 3 | . 1 1 1 1 3 2 2 2 2 2 Average Overweight (x) 1 | . . 1 1 1 1 1 2 2 2 1 Largest Inventory Capacity 20 | 8 20 20 20 20 20 20 20 20 20 20 Average Capacity 18 | 6 12 20 20 20 20 20 20 20 20 19 Most Carried 20 | 6 20 20 20 20 20 20 20 20 20 20 Average Carried 18 | 2 10 18 19 19 19 19 20 19 19 19 Final Capacity 20 | 8 20 20 20 20 20 20 20 20 20 5 Final Carried 20 | 6 20 18 19 20 20 20 20 20 20 3 Class Distribution -------------------- 90% | Mutant 9% | Scavenger-Mutant Dominant Class ---------------- Mutant | -10/Materials Mutant | -10/Mines Mutant | -10/Exiles Mutant | -9/Mines Mutant | -8/Materials Scavenger-Mutant | -7/Factory Mutant | -7/Lower Caves Mutant | -7/Lower Caves Mutant | -7/Zion Mutant | -7/Deep Caves Resources | -11 -10 -10 -10 -9 -8 -7 -7 -7 -7 -7 ----------- Run | Scr Mat Min Exi Min Mat Fac Low Low Zio Dee Matter Collected 2092 | 204 458 68 . 366 417 216 48 60 20 235 Remotely . | . . . . . . . . . . . Salvage Created 2852 | . 858 23 . . 1084 233 160 159 . 335 Parts 152 | . 56 7 . . 55 12 8 7 . 7 Haulers Intercepted 6 | . 2 . . . 3 1 . . . . Recyclers Shooed . | . . . . . . . . . . . Parts Field Recycled . | . . . . . . . . . . . Retrieved Matter . | . . . . . . . . . . . Parts Self-Destructed 18 | . . . . . . . 8 10 . . Prevented 2 | . . . . . . . . 2 . . Kills | -11 -10 -10 -10 -9 -8 -7 -7 -7 -7 -7 ------- Run | Scr Mat Min Exi Min Mat Fac Low Low Zio Dee Combat Hostiles Destroyed 95 | . 24 4 . . 16 3 3 3 . 42 Guns 52 | . 24 1 . . 16 3 3 3 . 2 AOE 42 | . . 3 . . . . . . . 39 Classes Destroyed 14 | . 4 1 . . 5 . 1 . . 3 Worker 2 | . . . . . 1 1 . . . . Hauler 6 | . 2 . . . 3 1 . . . . Recycler 2 | . . . . . 2 . . . . . Operator 3 | . 3 . . . . . . . . . Watcher 1 | . . . . . 1 . . . . . Swarmer 17 | . 9 3 . . 5 . . . . . Grunt 27 | . 15 . . . 8 1 2 1 . . Duelist 1 | . . . . . . . 1 . . . Sentry 4 | . . . . . 2 2 . . . . Demolisher 1 | . . 1 . . . . . . . . Hunter 3 | . . . . . 1 . . 2 . . Assembler 2 | . . . . . . . . . . 2 Assembled 40 | . . . . . . . . . . 40 Golem 1 | . . . . . . . . . . 1 Best Kill Streak 39 | . 6 4 . . 6 2 3 1 . 39 Combat Bots Only 36 | . 6 4 . . 6 1 3 1 . 36 Max Kills in Single Turn 12 | . 1 3 . . 2 1 1 1 . 12 Gunslinging 1 | . . . . . 1 . . . . . Exploded 12 | . . 3 . . . . . . . 12 Melee . | . . . . . . . . . . . Uniques/NPCs Destroyed 1 | . . . . . . . . . . 1 Z-Imprinter (-7/Deep Caves) Combat | -11 -10 -10 -10 -9 -8 -7 -7 -7 -7 -7 -------- Run | Scr Mat Min Exi Min Mat Fac Low Low Zio Dee Damage Taken 4819 | . 648 395 . . 547 263 148 106 . 2712 Core 978 | . 98 95 . . 51 47 . 13 . 674 Absorbed by Shields 758 | . . . . . 195 111 54 40 . 358 Redirected to Shielding 161 | . . . . . . . . . . 161 Regen/Repaired (Parts) 280 | . 118 . . . 27 135 . . . . Core Remaining (%) 70 | 100 . . . 22 90 . . . . . Volleys Fired 223 | . 79 5 . . 64 21 7 10 . 37 Largest 2 | . 2 2 . . 2 2 2 2 . 2 Hottest 106 | . 76 76 . . 84 89 89 89 . 106 Shots Fired 401 | . 137 9 . . 128 42 14 20 . 51 Gun 373 | . 137 8 . . 128 42 14 20 . 24 Cannon 3 | . . . . . . . . . . 3 Launcher 25 | . . 1 . . . . . . . 24 Special . | . . . . . . . . . . . Kinetic 189 | . 77 4 . . 64 21 7 10 . 6 Thermal 178 | . 60 4 . . 64 21 7 10 . 12 Explosive 25 | . . 1 . . . . . . . 24 Electromagnetic 9 | . . . . . . . . . . 9 Robot Hit Streak 17 | . 17 3 . . 14 13 6 8 . 11 Robot Miss Streak 4 | . 3 2 . . 4 2 2 2 . 3 Penetration Max 1 | . . . . . 1 . 1 1 . . Secondary Targets 5 | . 4 . . . 1 . . . . . Max Gunslinging Chain 1 | . 1 . . . 1 . . . . . Shots Hit Robots 281 | . 98 6 6 . 88 32 10 15 . 26 Core Hits 218 | . 46 8 . . 41 14 6 5 . 98 Critical Kills 2 | . 1 . . . . . . 1 . . Critical Parts Destroyed 2 | . . . . . 1 1 . . . . Critical Strikes 13 | . 6 . . . 4 1 . 2 . . Burn 9 | . 5 . . . 3 . . 1 . . Destroy 4 | . 1 . . . 1 1 . 1 . . Melee Attacks 19 | . . . 6 . . . . . 11 2 Impact 13 | . . . . . . . . . 11 2 Slashing . | . . . . . . . . . . . Piercing . | . . . . . . . . . . . Sneak Attacks 6 | . . . 6 . . . . . . . Combat Hostiles . | . . . . . . . . . . . Follow-up Attacks . | . . . . . . . . . . . Damage Inflicted 7287 | . 1151 201 . . 1639 638 219 294 . 3145 Guns 4244 | . 1143 61 . . 1612 611 219 294 . 304 Cannons 46 | . . . . . . . . . . 46 Explosions 2929 | . . 134 . . . . . . . 2795 Melee . | . . . . . . . . . . . Ramming 68 | . 8 6 . . 27 27 . . . . Kinetic 2201 | . 522 32 . . 940 347 119 154 . 87 Thermal 1960 | . 621 29 . . 672 264 100 140 . 134 Explosive 2929 | . . 134 . . . . . . . 2795 Electromagnetic 129 | . . . . . . . . . . 129 Impact . | . . . . . . . . . . . Slashing . | . . . . . . . . . . . Piercing . | . . . . . . . . . . . Highest Corruption 3 | . 3 3 3 3 . . . . . . Average Corruption 2 | . 2 3 3 3 . . . . . . Corruption Purged . | . . . . . . . . . . . Corruption Blocked . | . . . . . . . . . . . Effects 43 | . 11 4 19 9 . . . . . . Message Errors 12 | . 1 2 7 2 . . . . . . Matter Fused 11 | . 4 . 3 4 . . . . . . Heat Flow Errors 6 | . 1 2 2 1 . . . . . . Energy Discharges 2 | . . . 2 . . . . . . . Data Loss (minor) 6 | . 3 . 2 1 . . . . . . Data Loss (major) 4 | . 1 . 2 1 . . . . . . Alerts 2 | . 1 . 1 . . . . . . . Overload Shots . | . . . . . . . . . . . Overflow Damage 100 | . . . . . . . . . . 100 Projectiles 11 | . . . . . . . . . . 11 Explosions 89 | . . . . . . . . . . 89 Melee . | . . . . . . . . . . . Knockbacks . | . . . . . . . . . . . Impact . | . . . . . . . . . . . Kinetic . | . . . . . . . . . . . Secondary . | . . . . . . . . . . . Self-Inflicted Damage 181 | . . . . . . . . . . 181 Shots 7 | . . . . . . . . . . 7 Rammed 13 | . 3 2 . . 4 4 . . . . Targets Rammed 14 | . 3 2 . . 4 5 . . . . Kicked . | . . . . . . . . . . . Crushed 1 | . . . . . . 1 . . . . Highest Temperature 262 | . 178 233 221 262 3 3 9 14 . 9 Average Temperature 61 | . 55 116 101 146 3 3 9 8 . 9 Received Heat Transfer 893 | . 234 . . . 210 112 42 38 . 257 Siege Activations . | . . . . . . . . . . . Robots Corrupted 1 | . . . . . . . . . . 1 Combat Hostiles 1 | . . . . . . . . . . 1 Parts Fried . | . . . . . . . . . . . Impact Corruptions . | . . . . . . . . . . . Robots Melted . | . . . . . . . . . . . Combat Hostiles . | . . . . . . . . . . . Parts Melted 10 | . 4 . . . 2 4 . . . . Heat Transferred 5550 | . 2183 74 . . 1924 592 185 333 . 259 Parts Sabotaged . | . . . . . . . . . . . Parts Stolen . | . . . . . . . . . . . Parts Stripped . | . . . . . . . . . . . Power Chain Reactions . | . . . . . . . . . . . Missiles Intercepted . | . . . . . . . . . . . Alert | -11 -10 -10 -10 -9 -8 -7 -7 -7 -7 -7 ------- Run | Scr Mat Min Exi Min Mat Fac Low Low Zio Dee Peak Influence 284 | . 284 139 . 25 162 117 . . . . Initial 63 | . . 63 . . 9 . . . . . Average 91 | . 171 99 . 5 47 51 . . . . Maximum Alert Level 1 | . 1 . . . . . . . . . Low Security (%) 85 | 100 60 100 . 100 100 100 . . . . Level 1 14 | . 39 . . . . . . . . . Level 2 . | . . . . . . . . . . . Level 3 . | . . . . . . . . . . . Level 4 . | . . . . . . . . . . . Level 5 . | . . . . . . . . . . . High Security . | . . . . . . . . . . . Max Security . | . . . . . . . . . . . Squads Dispatched 12 | . 8 . . 1 2 1 . . . . Investigation 8 | . 5 . . 1 2 . . . . . Extermination . | . . . . . . . . . . . Reinforcement 4 | . 3 . . . . 1 . . . . Assault . | . . . . . . . . . . . Garrison . | . . . . . . . . . . . Intercept . | . . . . . . . . . . . Searches Triggered . | . . . . . . . . . . . Construction Impeded . | . . . . . . . . . . . Haulers Reinforced 1 | . . . . . . 1 . . . . Active Scanning Responses . | . . . . . . . . . . . Cargo Convoy Interrupts . | . . . . . . . . . . . Stealth | -11 -10 -10 -10 -9 -8 -7 -7 -7 -7 -7 --------- Run | Scr Mat Min Exi Min Mat Fac Low Low Zio Dee Distress Signals 10 | . 5 . . . 4 1 . . . . Communications Jammed . | . . . . . . . . . . . Distress Signals . | . . . . . . . . . . . Times Spotted 153 | . 51 5 . 1 30 11 3 3 . 49 Peak Tracking Total 37 | . 7 5 . 2 7 3 3 1 . 37 Tactical Retreats 2 | . 2 . . . . . . . . . Traps | -11 -10 -10 -10 -9 -8 -7 -7 -7 -7 -7 ------- Run | Scr Mat Min Exi Min Mat Fac Low Low Zio Dee Traps Triggered 6 | . 5 . . . 1 . . . . . Indirectly . | . . . . . . . . . . . Trap Hack Attempts . | . . . . . . . . . . . Triggered . | . . . . . . . . . . . Disarmed . | . . . . . . . . . . . Reprogrammed . | . . . . . . . . . . . Reused . | . . . . . . . . . . . Traps Extracted . | . . . . . . . . . . . Installed . | . . . . . . . . . . . Triggered 2 | . . . . . . . 1 1 . . Machines | -11 -10 -10 -10 -9 -8 -7 -7 -7 -7 -7 ---------- Run | Scr Mat Min Exi Min Mat Fac Low Low Zio Dee Machines Disabled 5 | . . . . . . . . . . 5 Max in Single Turn 1 | . . . . . . . . . . 1 Garrison Access 1 | . . . . . 1 . . . . . Machines Sabotaged . | . . . . . . . . . . . Garrisons Compromised . | . . . . . . . . . . . Overloaded Fab Kills . | . . . . . . . . . . . Hacking | -11 -10 -10 -10 -9 -8 -7 -7 -7 -7 -7 --------- Run | Scr Mat Min Exi Min Mat Fac Low Low Zio Dee Machines Accessed 21 | . 7 2 2 1 6 3 . . . . Terminals 11 | . 4 2 . . 3 2 . . . . Fabricators . | . . . . . . . . . . . Repair Stations 3 | . 1 . . . 1 1 . . . . Recycling Units 2 | . 2 . . . . . . . . . Scanalyzers 1 | . . . . . 1 . . . . . Garrison Access 1 | . . . . . 1 . . . . . Total Hacks 48 | . 17 4 2 1 16 8 . . . . Successful 30 | . 9 1 2 1 11 6 . . . . Failed 18 | . 8 3 . . 5 2 . . . . Catastrophic 2 | . 1 1 . . . . . . . . Database Lockouts . | . . . . . . . . . . . Manual 25 | . 12 4 1 . 6 1 . . 1 . Terminals 28 | . 11 4 . . 9 4 . . . . Fabricators . | . . . . . . . . . . . Repair Stations 9 | . 3 . . . 2 4 . . . . Recycling Units 3 | . 3 . . . . . . . . . Scanalyzers 3 | . . . . . 3 . . . . . Garrison Access 2 | . . . . . 2 . . . . . Terminal Hacks 11 | . 2 1 2 1 4 1 . . . . Record 1 | . . . 1 . . . . . . . Part Schematic 1 | . . 1 . . . . . . . . Robot Analysis 2 | . 2 . . . . . . . . . Prototype ID Bank 1 | . . . . . 1 . . . . . Open Door 1 | . . . . 1 . . . . . . Branch Access Points 1 | . . . . . . 1 . . . . Alert Level 1 | . . . . . 1 . . . . . Unreport Threat 1 | . . . . . 1 . . . . . Hauler Manifests 1 | . . . . . 1 . . . . . EX-Prototype ID Bank 1 | . . . 1 . . . . . . . Fabricator Hacks . | . . . . . . . . . . . Repair Station Hacks 8 | . 2 . . . 2 4 . . . . Scan Component 4 | . 1 . . . 1 2 . . . . Repair 4 | . 1 . . . 1 2 . . . . Recycling Unit Hacks 1 | . 1 . . . . . . . . . Retrieve Components 1 | . 1 . . . . . . . . . Scanalyzer 3 | . . . . . 3 . . . . . Insert Component 2 | . . . . . 2 . . . . . Analyze 1 | . . . . . 1 . . . . . Garrison Access Hacks 1 | . . . . . 1 . . . . . Seal Access 1 | . . . . . 1 . . . . . Unauthorized Hacks 6 | . 4 . . . 1 1 . . . . Terminals 4 | . 2 . . . 1 1 . . . . Botnet 3 | . 1 . . . 1 1 . . . . Operators 1 | . 1 . . . . . . . . . Fabricators . | . . . . . . . . . . . Repair Stations . | . . . . . . . . . . . Recycling Units 2 | . 2 . . . . . . . . . Reject 1 | . 1 . . . . . . . . . Tunnel 1 | . 1 . . . . . . . . . Scanalyzers . | . . . . . . . . . . . Garrison Access . | . . . . . . . . . . . Data Cores Recovered . | . . . . . . . . . . . Used . | . . . . . . . . . . . Hacking Detections 13 | . 5 2 . . 4 2 . . . . Full Trace Events 2 | . 1 . . . 1 . . . . . Feedback Events . | . . . . . . . . . . . Feedback Blocked . | . . . . . . . . . . . Robot Schematics Acquired . | . . . . . . . . . . . Robots Built . | . . . . . . . . . . . Authchips . | . . . . . . . . . . . Time . | . . . . . . . . . . . Total Robot Build Rating . | . . . . . . . . . . . Part Schematics Acquired 2 | . . 1 . . 1 . . . . . Parts Built . | . . . . . . . . . . . Authchips . | . . . . . . . . . . . Time . | . . . . . . . . . . . Total Part Build Rating . | . . . . . . . . . . . Parts Repaired 4 | . 1 . . . 1 2 . . . . Time 134 | . 26 . . . 32 76 . . . . Parts Recycled . | . . . . . . . . . . . Recycled Matter . | . . . . . . . . . . . Retrieved Matter . | . . . . . . . . . . . Retrieved Components 10 | . 10 . . . . . . . . . Parts Scanalyzed 1 | . . . . . 1 . . . . . Part Schematics Acquired 1 | . . . . . 1 . . . . . Parts Damaged . | . . . . . . . . . . . Bothacking | -11 -10 -10 -10 -9 -8 -7 -7 -7 -7 -7 ------------ Run | Scr Mat Min Exi Min Mat Fac Low Low Zio Dee Used RIF Installer . | . . . . . . . . . . . Robots Hacked 4 | . . . 4 . . . . . . . Non-combat 3 | . . . 3 . . . . . . . Combat 1 | . . . 1 . . . . . . . Robot Hacks Applied 6 | . . . 6 . . . . . . . parse_system 6 | . . . 6 . . . . . . . Relay Couplers Released . | . . . . . . . . . . . Fabnet Peak Effective % . | . . . . . . . . . . . Robots Rewired . | . . . . . . . . . . . Allies Hacked . | . . . . . . . . . . . Hacks Repelled . | . . . . . . . . . . . Allies | -11 -10 -10 -10 -9 -8 -7 -7 -7 -7 -7 -------- Run | Scr Mat Min Exi Min Mat Fac Low Low Zio Dee Total Allies 5 | . . . . 3 . . . . 2 . Largest Group 3 | . . . . 3 2 . . . 2 2 Highest-Rated Group 192 | . . . . 40 24 . . . 192 192 Highest-Rated Ally 96 | . . . . 16 16 . . . 96 96 Total Orders . | . . . . . . . . . . . Ally Attacks 44 | . . . . 5 5 . . . . 34 Total Damage 1345 | . . . . 47 32 . . . . 1266 Kills 13 | . . . . 2 1 . . . . 10 Allies Corrupted . | . . . . . . . . . . . Allies Melted 1 | . . . . . . . . . . 1 Intel | -11 -10 -10 -10 -9 -8 -7 -7 -7 -7 -7 ------- Run | Scr Mat Min Exi Min Mat Fac Low Low Zio Dee Robot Analysis Total 2 | . 2 . . . . . . . . . Derelict Logs Recovered 5 | . . . . 1 . . . 2 2 . Drone Launches . | . . . . . . . . . . . Drone Recoveries . | . . . . . . . . . . . Exploration | -11 -10 -10 -10 -9 -8 -7 -7 -7 -7 -7 ------------- Run | Scr Mat Min Exi Min Mat Fac Low Low Zio Dee Turns Passed 12655 | 77 2064 330 1217 653 1672 790 660 880 2276 2036 Spaces Moved 4416 | 43 922 124 499 266 574 238 199 263 697 591 Core 17 | 6 . . . . . . . . . 11 Treads 4399 | 37 922 124 499 266 574 238 199 263 697 580 Legs . | . . . . . . . . . . . Wheels . | . . . . . . . . . . . Hover . | . . . . . . . . . . . Flight . | . . . . . . . . . . . Fastest Speed 50 | 50 160 240 240 240 240 240 320 320 320 50 Average Speed 258 | 144 178 240 240 240 240 256 320 320 320 315 Slowest Speed 400 | 160 240 240 240 240 400 320 320 320 320 325 Overloaded Moves . | . . . . . . . . . . . Propulsion Burnouts . | . . . . . . . . . . . Robots Hopped . | . . . . . . . . . . . Cave-ins Triggered . | . . . . . . . . . . . Exploration Rate (%) 47 | 4 90 27 70 56 37 7 37 42 80 69 Regions Visited 10 Branch Regions 7 Pre-discovered Areas 7 | . 1 . 1 . . . . . 5 . Known Exits Taken 2 | . . . . . 1 1 . . . . Unknown Exits Taken 8 | 1 1 1 1 1 . . 1 1 1 . Scrap Searched 9 | . . 2 . 1 . . 1 2 3 . Spaces Dug 3 | . . . . . . . . . 3 . Terrain Destroyed 16 | . . 3 . . 2 . . . 3 8 Melee 3 | . . . . . . . . . 3 . Projectile 2 | . . . . . 2 . . . . . AOE 11 | . . 3 . . . . . . . 8 Terrain Rammed . | . . . . . . . . . . . Walls Destroyed . | . . . . . . . . . . . Machines Disabled . | . . . . . . . . . . . Actions | -11 -10 -10 -10 -9 -8 -7 -7 -7 -7 -7 --------- Run | Scr Mat Min Exi Min Mat Fac Low Low Zio Dee Total 5267 | 55 1217 145 518 287 741 374 209 285 727 709 Wait 339 | . 161 6 . . 52 71 1 3 . 45 Move 4406 | 42 921 123 498 265 573 237 198 262 696 591 Hop . | . . . . . . . . . . . Pick Up 83 | 7 28 2 1 8 13 10 . 3 8 3 Fast Attach 39 | 5 3 . 3 1 7 8 2 1 . 9 Attach 25 | 1 2 3 2 1 5 3 . 1 2 5 Detach 2 | . . . 2 . . . . . . . Swap 28 | . 4 3 2 1 5 4 . . 3 6 Drop 87 | . 16 1 4 9 18 15 1 5 7 11 Fire 223 | . 79 5 . . 64 21 7 10 . 37 Melee 19 | . . . 6 . . . . . 11 2 Ram . | . . . . . . . . . . . Kick . | . . . . . . . . . . . Crush 14 | . 3 2 . . 4 5 . . . . Escape Stasis . | . . . . . . . . . . . Rewire 2 | . . . . 2 . . . . . . Trap . | . . . . . . . . . . . Miscellaneous . | . . . . . . . . . . . Route ------- -11/Scrapyard -10/Materials (discovered 3 exits: [*Mat] / *Min x2) -10/Mines (discovered 2 exits: [*Mat] / *Exi) -10/Exiles -9/Mines -8/Materials (discovered 2 exits: *Fac x2) -7/Factory (discovered 3 exits: Sto / *Low x2) -7/Lower Caves -7/Lower Caves -7/Zion -7/Deep Caves History --------- Turn | Location | Event 51 | -11/Scrapyard | Discovered new exit (range 16) 78 | -11/Scrapyard | Entered Materials 309 | -10/Materials | Build established: Mutant 849 | -10/Materials | Discovered new exit (range 15) 965 | -10/Materials | Discovered new exit (range 8) 1059 | -10/Materials | Discovered new exit (range 7) 1196 | -10/Materials | Repaired Lgt. Treads 2142 | -10/Materials | Entered Mines 2291 | -10/Mines | Assembled infested the area 2297 | -10/Mines | Discovered new exit (range 9) 2298 | -10/Mines | Core integrity fell below 50% 2335 | -10/Mines | Lost 3 parts (1p2n) 2463 | -10/Mines | Deemed a non-threat by the Exiles lab entrance 2463 | -10/Mines | Discovered new exit (range 5) 2472 | -10/Mines | Entered Exiles 2529 | -10/Exiles | Met 8R-AWN 2572 | -10/Exiles | Met EX-HEX 2668 | -10/Exiles | Met EX-DEC 2677 | -10/Exiles | Learned location of Zion (-7) 2994 | -10/Exiles | Discovered new exit (range 14) 3119 | -10/Exiles | Met EX-BIN 3152 | -10/Exiles | Aligned with FarCom system 3155 | -10/Exiles | Given EX-Vault access code 3212 | -10/Exiles | Opened EX-Vault 3228 | -10/Exiles | Found Superbattery 3282 | -10/Exiles | Warned to stay clear of 0b10 Research branches 3689 | -10/Exiles | Left Exiles lab with Superbattery 3689 | -10/Exiles | Entered Mines 3725 | -9/Mines | Met a Derelict bent on vengeance 3788 | -9/Mines | Assisted by bots powering up and referring to "LRC-V3" 3939 | -9/Mines | Learned 4 Materials zone layouts 4181 | -9/Mines | Met a Derelict shopkeep closing up shop 4242 | -9/Mines | Discovered new exit (range 15) 4342 | -9/Mines | Entered Materials 4342 | -8/Materials | Accompanied by 2 allies 4342 | -8/Materials | Evolved 4 slots: Utility x4 4343 | -8/Materials | Identified exit to Factory 5523 | -8/Materials | Discovered exit to Factory (range 4) 5742 | -8/Materials | Repaired Shield Generator 6014 | -8/Materials | Entered Factory 6014 | -7/Factory | Evolved 2 slots: Power x1, Utility x1 6168 | -7/Factory | Repaired Lgt. EM Pulse Cannon 6260 | -7/Factory | Repaired Gauss Rifle 6311 | -7/Factory | Identified exit to Storage 6311 | -7/Factory | Identified exit to Lower Caves 6483 | -7/Factory | Build established: Scavenger-Mutant 6804 | -7/Factory | Entered Lower Caves 6913 | -7/Lower Caves | Build established: Mutant 7438 | -7/Lower Caves | Discovered new exit (range 8) 7464 | -7/Lower Caves | Entered another Lower Caves area 7493 | -7/Lower Caves | Learned Factory garrison access intel 7911 | -7/Lower Caves | Learned Factory trap positions 8283 | -7/Lower Caves | Discovered new exit (range 12) 8344 | -7/Lower Caves | Entered Zion 8392 | -7/Zion | Given A8's code to call for help 8514 | -7/Zion | Found Exp. Targeting Computer 8528 | -7/Zion | Found Prototype Processor 8533 | -7/Zion | Found Prototype Processor 8541 | -7/Zion | Found Prototype Processor 8547 | -7/Zion | Found Exp. Core Analyzer 8551 | -7/Zion | Found Prototype Hackware 8731 | -7/Zion | Learned location of Warlord (-5) 8914 | -7/Zion | Learned Factory stockpile data 9154 | -7/Zion | Learned location of Recycling (-7) 9368 | -7/Zion | Rebuked by Imprinter 9663 | -7/Zion | Learned location of Quarantine (-3) 9695 | -7/Zion | Given the Hacking Drone Bay 9751 | -7/Zion | Found CR-A16's Pointy Stick 10548 | -7/Zion | Enhanced Grunt warped into view, answering call for help 10555 | -7/Zion | Enhanced Grunt warped into view, answering call for help 10603 | -7/Zion | Discovered new exit (range 4) 10606 | -7/Zion | Saw the warning signs outside the Deep Caves entrance 10620 | -7/Zion | Entered Deep Caves 10620 | -7/Deep Caves | Accompanied by 2 allies 11158 | -7/Deep Caves | Attacked by Z-Imprinter 11170 | -7/Deep Caves | Destroyed Z-Imprinter 11224 | -7/Deep Caves | Found Prototype Device 11224 | -7/Deep Caves | Identified Zio. Metafield Generator 11346 | -7/Deep Caves | Z-Facility disabled 11518 | -7/Deep Caves | Found Prototype Protection 11518 | -7/Deep Caves | Identified Zio. Weapon Casing 12027 | -7/Deep Caves | Build established: Scavenger-Mutant 12404 | -7/Deep Caves | Spotted as-84464 12438 | -7/Deep Caves | Destroyed as-84464 12567 | -7/Deep Caves | Triggered Deep Caves wall 12567 | -7/Deep Caves | Spotted AS-12376 12570 | -7/Deep Caves | Exposed GOLEM chamber 12594 | -7/Deep Caves | Destroyed AS-12376 12603 | -7/Deep Caves | Spotted AS-08876 12611 | -7/Deep Caves | Destroyed AS-08876 12622 | -7/Deep Caves | Destroyed 36 combat bots 12626 | -7/Deep Caves | Core integrity fell below 50% 12626 | -7/Deep Caves | Released all parts (3) 12651 | -7/Deep Caves | Spotted as-87900 12654 | -7/Deep Caves | Core integrity fell below 20% 12656 | -7/Deep Caves | Lost 11 parts (2p2n5u2w) 12656 | -7/Deep Caves | Destroyed by as-87900 with Assembled Focal Cannon Last Messages --------------- 12612_ GOLEM Unit springs to life. 12612_ Rocket Launcher destroyed. 12613_ as-20708 GOLEM Unit beginning Prototype Leg integration. 12618_ Arm. Treads destroyed. 12618_ Reactive Plating destroyed. 12621_ Hvy. Deuterium Engine destroyed. 12624_ as-08999 destroyed. 12625_ Hvy. Ion Engine destroyed. 12625_ Lgt. Treads destroyed. 12625_ Imp. Cooling System destroyed. 12626_ Released Adv. Beam Rifle. 12626_ Released Exp. Heat Sink. 12626_ Released Hcp. Storage Unit. 12626_ Dropped Adv. Beam Rifle. 12628_ Acquired Hvy. EM Shotgun. 12630_ GOLEM Unit springs to life. 12633_ Dropped Superbattery. 12635_ Extracted 15 energy. 12652_ as-87900: "DSI9AT1D G8OHIBQ29FWG 26R186 QD12WHW8W33 TDK1 81FTS" 12653_ Extracted 19 energy. Map ----- +----------------------------------------------------+ | | | | | | | | | | | | | ?????????????????????????????????????????????????? | | ?????????????????????????????????????????????????? | | ?????????????????????????????????????????????????? | | ?????????????????????????????????????????????????? | | ?????????????????????????????????????????????????? | | ?????????????????????????????????????????????????? | | ?????????????????????????????????????????????????? | | ?????????????????????????????????????????????????? | | ?????????????????????????????????????????????????? | | ???????????????????? ????????????????????????????? | | ???????????????? ????????????????????????????? | | ?????????????? ## ?????????????????????????? | | ??????????? ! # #????????????????????????? | | ????????? ????????????????????????? | | ????????# ?????????????????????????? | | ????????" ?????????????????????????? | | ????????" ??????????????????????????? | | ?????????" ??????????? ###????????? | | ?????????" #?###?????? ??????? | | ????????"" #?#@#???? ?????? | | ??????### ### ####?# ? #????? | | ????""" [ # #?? ?# #???? | | ???? [ G ####??# #??# #??? | | ??? ###??# #??# ##? | | ??? #??# #??# #? | | ??"! !! ! ###???# #??# ## | | ??" %!* ##????# ##??# # | | ??" !![!/ #????# ##??# | | ??" !]![ s #?????# ##??# | | ????""" ![] #??????# #### | | ??????### ! #?????## ## | | ???????" = ! ] #??#### | | ???????""" ] g #?## | | ?????????" #?# | | ?????????" ] ### ## # | | ?????????" ] ## ##### ## | | ????????# ####???# ### | | ????????" [ #??????# #?## | | ????????" ######## #??## | | ????????" [ * #???### ## | | ????????""" ##########? | | ????????" [ ##??? | | ?????????" ######## ### ##?? | | ????????" #??????# ### #?? | +----------------------------------------------------+ Best States ------------- Heat Dissipation 87 Energy Generation 27 Energy Capacity 490 Matter Stores 300 Matter Capacity 300 Sight Range 16 Terrain Scan Density 10 Armor Coverage 1150 Resistance: KI 20 Resistance: TH 15 Weapon Shielding 100 Evasion (%) 50 Targeting Accuracy 5 Recoil Reduction 2 Salvage Targeting 2 Offensive Hacking 10 Authchip Count 6 Item Schematics ----------------- Huge Storage Unit | -10/Mines | Hacked Rocket Launcher | -8/Materials | Scanalyzed Robot Schematics ------------------ None Fabricated ------------ Nothing Alien Tech Used ----------------- None Achievements -------------- None Challenges ------------ None Game ------ Seed TeslaUltimateDiverter Manual? 0 Play Time 00:42:50 Cumulative 560.7 hours Start 2022.07.25 @ 19:34:15 End 2022.07.26 @ 02:25:02 Sessions 7 Manual Loads 0 Difficulty Rogue Special Mode None Game No. 496 Rogue 496 Adventurer 0 Explorer 0 Win Type - Total 25 Types 13/2/6/2/0/0/1/1/0 Lore% 94 Gallery% 94 Achievement% 79 Wizard Run 0 Options --------- ASCII 0 Keyboard 0 Movement Arrows Keybinds 0 Fullscreen 1 Font 18/Smallcaps Map View 76x50 Tactical HUD 1 Map Filters NONE Filters NONE Steam 1 RUN: 54b6b862-6ade-4fbc-af47-43cf5fac6ca8